cohdb
Replays
Latest Replays
All Replays
Popular Replays
Top Player Replays
Match Explorer
How It Works
Community
CoH3 Stats
Reddit
Sign in to upload your games and track your stats! →
Sign in with Steam
Match 42848379
Unlisted
Match 42848379
Overview
Messages
Build Orders
End
250 Light Carrier
Panzergrenadier Squad
Construct Light Support Kompanie
MG34 Team
Fire Support Elements
le.IG 18 Support Gun Team
Selects Panzerjäger Kommand Battlegroup
Selects Tank Busters
Assault Grenadier Squad
Panzerjäger Squad
Panzerjäger Squad
Panzerjäger Mechanized Group
Construct Panzerarmee Kommand
Panzerjäger Squad
Armored Reserves
Selects Crew Shock Tactics
Advanced Field Repairs
Dark
Smiley
75502058
we are venom
Tok3n x Operator
Davidii
Ty
kantera
0
0
Comments
sign in to comment!
No comments posted yet!